 Dungeon Crawl Stone Soup version 0.22.0-38-g04b72b8 (webtiles) character file.

240 Lew the Shield-Bearer (level 6, -6/38 HPs)
             Began as a Gargoyle Fighter on Aug 30, 2018.
             Mangled by an ogre
             ... wielding a +0 giant club
              (10 damage)
             ... on level 4 of the Dungeon.
             The game lasted 00:04:21 (2240 turns).

Lew the Shield-Bearer (Gargoyle Fighter)            Turns: 2240, Time: 00:04:24

Health: -6/38      AC: 12    Str: 25    XL:     6   Next: 8%
Magic:  15/15      EV:  8    Int:  9    God:
Gold:   94         SH: 10    Dex: 10    Spells: 5/5 levels left

rFire    . . .     SeeInvis .   a - +0 war axe
rCold    . . .     Gourm    +   c - +0 shield
rNeg     + . .     Faith    .   b - +0 scale mail
rPois    ∞         Spirit   .   (no helmet)
rElec    +         Reflect  .   j - +0 cloak
rCorr    .         Harm     .   (no gloves)
MR       .....                  (no boots)
Stlth    ..........             g - amulet of the gourmand
HPRegen  0.12/turn              k - ring of magical power
MPRegen  0.14/turn              (no ring)

@: mighty
A: negative energy resistance 1, electricity resistance, unbreathing,
petrification resistance, rot immunity, AC +4
a: no special abilities


You were on level 4 of the Dungeon.
You were not hungry.

You visited 1 branch of the dungeon, and saw 4 of its levels.

You collected 94 gold pieces.

Inventory:

Hand Weapons
 a - a +0 war axe (weapon)
Armour
 b - a +0 scale mail (worn)
 c - a +0 shield (worn)
 j - a +0 cloak (worn)
Jewellery
 g - an amulet of the gourmand (around neck)
 k - a ring of magical power (left hand)
Scrolls
 e - 5 scrolls of teleportation
Potions
 d - a potion of might
 h - a potion of flight
 l - a potion of curing
Comestibles
 f - 8 rations


   Skills:
 + Level 4.0 Fighting
 * Level 3.4 Axes
 + Level 4.0 Armour
 + Level 1.3 Dodging
 + Level 2.2 Stealth
 + Level 4.1 Shields


You had 5 spell levels left.
You didn't know any spells.
Your spell library was empty.

Dungeon Overview and Level Annotations

Branches:
Dungeon (4/15)
 Temple: D:4-7

Altars:
Cheibriados
Zin

Portals:
Sewer: D:4


Innate Abilities, Weirdness & Mutations

You are resistant to torment.
Your stone body is resilient. (AC +4)
You are immune to poison.
You resist negative energy. (rN+)
You are resistant to electric shocks. (rElec)
You can survive without breathing.
You are immune to petrification.
You are immune to rotting.


Message History

The orc priest is severely wounded.
You slash the ogre! You slash the orc wizard!
The orc wizard hits you but does no damage.
The ogre hits you with a giant club.
* * * LOW HITPOINT WARNING * * *
You block the orc priest's attack. The orc wizard barely misses you.
You slash the orc priest!
You kill the orc priest!
Your Fighting skill increases to level 4!
You slash the orc wizard!
You kill the orc wizard!
Your Armour skill increases to level 4!
You have reached level 6!
Your experience leads to an increase in your attributes!
Your base attributes are Str 19, Int 9, Dex 10.
Increase (S)trength, (I)ntelligence, or (D)exterity?
You feel stronger.
You barely miss the ogre. The ogre hits you but does no damage.
The ogre hits you with a giant club!
You die...

... ...# #...#
≈≈≈≈ #... ....#
≈≈≈≈##..# ....##
...(≈≈..# #......
.(.≈≈≈..###.....
.∩......##.o..# .
....≈≈†.##..#.#.##
..≈.≈≈)@#.........
≈.≈≈##†)O.......#.
≈ #..........#
.....#....#...#
.................
#######..#.#...#.
#..#.#...# #.....
..# ##.......[


You could see an ogre.

Vanquished Creatures
  An orc wizard (D:4)
  An orc priest (D:4)
  2 worker ants
  3 adders
  4 oozes
  5 worms
  3 dart slugs (D:1)
  3 leopard geckos
  2 orcs
  11 bats
  3 giant cockroaches
  4 goblins
  8 hobgoblins
  3 jackals (D:3)
  3 kobolds
  A quokka (D:2)
  A ball python (D:4)
  A frilled lizard (D:3)
  A leopard gecko skeleton (D:4)
  11 rats
71 creatures vanquished.

Notes
Turn   | Place    | Note
-------+----------+-------------------------------------------
     0 | D:1      | Lew the Gargoyle Fighter began the quest for the Orb.
     0 | D:1      | Reached XP level 1. HP: 14/14 MP: 1/1
    43 | D:1      | Reached XP level 2. HP: 12/19 MP: 2/2
   280 | D:1      | Reached XP level 3. HP: 23/23 MP: 3/3
   540 | D:2      | Reached skill level 1 in Stealth
   703 | D:2      | Reached XP level 4. HP: 26/28 MP: 4/4
   788 | D:2      | Found a snail-covered altar of Cheibriados.
  1272 | D:3      | Reached skill level 1 in Dodging
  1801 | D:3      | Reached XP level 5. HP: 31/33 MP: 5/5
  1938 | D:3      | Found a glowing silver altar of Zin.
  2222 | D:4      | Noticed an ogre
  2225 | D:4      | Found a glowing drain.
  2240 | D:4      | Reached XP level 6. HP: 4/38 MP: 6/6
  2240 | D:4      | Mangled by an ogre

Skill      XL: |  1  2  3  4  5 |
---------------+----------------+-----
Axes           | 2 3 |  3.4
Stealth        | 1 2 |  2.2
Dodging        | 1 |  1.3
Shields        | 4 |  4.1
Fighting       | 4 |  4.0
Armour         | 4 |  4.0

Action                   |  1- 3 |  4- 6 || total
-------------------------+-------+-------++-------
Melee: War axe           |    98 |   130 ||   228
  Use: Potion            |     3 |     1 ||     4
       Scroll            |     2 |     2 ||     4
  Eat: Chunk             |       |    10 ||    10
Armor: Scale mail        |    61 |    82 ||   143
Dodge: Dodged            |    40 |    53 ||    93
Block: Shield            |    56 |    67 ||   123
